 Dungeon Crawl Stone Soup version 0.31-a0-229-g1fc7ce93e2 (webtiles) character file.

Game seed: 15139282553202108269

1439 qw the Skirmisher (level 8, -1/49 HPs)
             Began as a Gargoyle Hexslinger on July 6, 2023.
             Slain by a troll (4 damage)
             ... on level 5 of the Dungeon.
             The game lasted 00:01:16 (3992 turns).

qw the Skirmisher (Gargoyle Hexslinger)             Turns: 3992, Time: 00:01:16

Health: -1/49      AC: 13    Str: 12    XL:     8   Next: 74%
Magic:  9/9        EV: 12    Int: 14    God:
Gold:   116        SH:  0    Dex: 14    Spells: 8/9 levels left

rFire   . . .        Y - +5 longbow (freeze)
rCold   . . .        (shield currently unavailable)
rNeg    + . .        d - +0 leather armour
rPois   inf          n - +0 helmet
rElec   +            (no cloak)
rCorr   .            (no gloves)
SInv    .            a - +2 pair of boots
Will    .....        (no amulet)
Stlth   +            (no ring)
HPRegen 0.28/turn    (no ring)
MPRegen 0.11/turn

%: no passive effects
@: no status effects
A: sickness immunity, AC +5, negative energy resistance 1, electricity
resistance, torment resistance 1, petrification resistance
a: no special abilities


You were on level 5 of the Dungeon.
You visited 1 branch of the dungeon, and saw 5 of its levels.

You collected 200 gold pieces.
You spent 84 gold pieces at shops.


Innate Abilities, Weirdness & Mutations

You are immune to sickness and miasma.
Your stone body is resilient. (AC +5)
You are immune to poison.
You resist negative energy. (rN+)
You are resistant to electric shocks. (rElec)
You are resistant to unholy torment.
You are immune to petrification.


   Skills:
 + Level 5.0 Fighting
 - Level 9.1 Ranged Weapons
 - Level 2.2 Armour
 - Level 2.2 Dodging
 - Level 1.0 Spellcasting
 - Level 2.6 Hexes


You had 8 spell levels left.
You knew the following spells:

 Your Spells              Type           Power      Damage    Failure   Level
a - Slow                  Hex            32%        N/A       11%         1

Your spell library contained the following spells:

 Spells                   Type           Power      Damage    Failure   Level
 Inner Flame              Hex/Fire       4%         N/A       50%         3
 Portal Projectile        Hex/Tloc       8%         N/A       50%         3
 Cause Fear               Hex            4%         N/A       73%         4

Inventory:

Hand Weapons
 Y - a +5 longbow of freezing (weapon)
Armour
 a - a +2 pair of boots (worn)
 d - a +0 leather armour (worn)
 h - a +0 ring mail
 n - a +0 helmet (worn)
Scrolls
 b - 3 scrolls of teleportation
 i - a scroll of identify
Potions
 c - a potion of might
 e - a potion of haste
 f - 4 potions of heal wounds
 g - 3 potions of curing {unknown}
 j - a potion of invisibility {unknown}
 m - a potion of degeneration {unknown}

Dungeon Overview and Level Annotations

Branches:
Dungeon (5/15)
 Temple: D:4-7

Altars:
Cheibriados
Gozag
Hepliaklqana
Nemelex Xobeh
Sif Muna
Uskayaw
Xom

Shops:
D:3 ?   D:5 (

Annotations:
D:2 1 runed translucent door, Crazy Yiuf
D:5 4 runed translucent doors


Message History

The phantom is moderately damaged.
The phantom hits you.
The phantom blinks!
You blink.
The phantom misses you.
Enter note:
Enter note:
Enter note:
Enter note:
Enter note:
Enter note:
Enter note:
Enter note:
Enter note: You shoot an arrow.
The arrow barely misses the phantom.
You hear a shout!
The phantom closely misses you.
A troll comes into view.
You shoot an arrow. The arrow closely misses the phantom.
The phantom hits you but does no damage.
You shoot an arrow. The arrow misses the phantom.
The phantom hits you but does no damage.
The phantom barely misses you. The troll barely misses you.
The troll claws you. The troll claws you but does no damage.
You shoot an arrow. The arrow hits the phantom.
The phantom is moderately damaged.
The phantom hits you. The troll bites you! The troll barely misses you.
The troll claws you.
You shoot an arrow. The arrow hits the phantom.
The phantom is heavily damaged.
The troll bites you. The troll barely misses you.
The troll claws you but does no damage.
The phantom hits you but does no damage.
You shoot an arrow. The arrow closely misses the phantom.
The phantom hits you but does no damage.
The troll misses you. The troll claws you!
The troll claws you but does no damage.
You shoot an arrow. The arrow hits the phantom.
The phantom is severely damaged.
The phantom hits you. The troll bites you. The troll misses you.
The troll closely misses you. The phantom barely misses you.
The troll bites you.
You die...

......#.##8$)8##......#'#.###
.........######.............#
.....###+# #%###.........# ....##
#%..##........# ....#
##.#ยค#........# ....# #
#.##Y#........# ....# #.##
.#........# .##.#
#..###Y#........# .##.##
####.T@W##.##'#'###
.....######..######..##.#.# ###
....................###.#.## #..
#........#..#.###..## #.#..## #.#
#.................## #.#.\.# #.#
'........########.# #.###.# #..
#...#....<....#...# ###.###.# ###
#####.##....#.#.### #.......# #
#################################


You could see a troll, an ice beast and a phantom.

Vanquished Creatures
  A steam dragon (D:5)
  2 water moccasins (D:5)
  An ice beast (D:4)
  5 ogres
  2 phantoms
  A howler monkey (D:5)
  2 hounds (D:5)
  2 iguanas
  A sleepcap (D:5)
  2 orc wizards (D:5)
  Natasha (thrice) (D:2)
  5 adders
  A dart slug (D:1)
  11 orcs
  8 bats
  5 endoplasms
  4 giant cockroaches
  7 goblins
  6 hobgoblins
  4 jackals
  6 kobolds
  4 quokkas
  7 ball pythons
  3 frilled lizards
  4 rats
97 creatures vanquished.

Notes
Turn   | Place    | Note
-------+----------+-------------------------------------------
     0 | D:1      | qw the Gargoyle Hexslinger began the quest for the Orb.
     0 | D:1      | Reached XP level 1. HP: 12/12 MP: 2/2
     0 | D:1      | 0 ||| qw: Version: 0.3-a-46-gb1f654a
     0 | D:1      | 0 ||| qw: Game counter: 1326
     0 | D:1      | 0 ||| qw: Melee chars always use a shield: true
     0 | D:1      | 0 ||| qw: God list: Okawaru
     0 | D:1      | 0 ||| qw: Allow faded altars: false
     0 | D:1      | 0 ||| qw: Do Orc after clearing Dungeon:15 true
     0 | D:1      | 0 ||| qw: Do second Lair branch before Depths: true
     0 | D:1      | 0 ||| qw: Lair rune preference: random
     0 | D:1      | 0 ||| qw: Goals: Normal
     0 | D:1      | 0 ||| PLANNING D:1-11
    51 | D:1      | Reached XP level 2. HP: 15/16 MP: 3/3
   268 | D:1      | Reached skill level 3 in Ranged Weapons
   558 | D:1      | Reached XP level 3. HP: 21/21 MP: 4/4
   884 | D:1      | 884 ||| UPGRADING to +0 leather armour.
   894 | D:1      | 894 ||| DROPPING +0 robe.
   895 | D:1      | 895 ||| DROPPING ring of flight.
   896 | D:1      | 896 ||| READING scroll labelled ZINWUO BUPIFATISUGH.
   896 | D:1      | Identified a scroll of acquirement
   896 | D:1      | 896 ||| ACQUIRING +5 longbow of flaming
   896 | D:1      | Acquired a +5 longbow of flaming
   898 | D:1      | 898 ||| SWAPPING to +5 longbow of flaming.
   899 | D:1      | 899 ||| DROPPING +1 sling.
   900 | D:1      | 900 ||| READING scroll labelled GEAMMI LANWUAPS.
   904 | D:1      | 904 ||| READING scroll labelled BORIUT RIU.
   905 | D:1      | 905 ||| DRINKING 2 lumpy dark potions.
   906 | D:1      | 906 ||| DROPPING scroll of poison.
  1058 | D:2      | Identified the +8 rapier of Jauval {freeze, Fly Int+2}
  1093 | D:2      | Found a faded altar of an unknown god.
  1215 | D:2      | Noticed Natasha
  1222 | D:2      | Killed Natasha
  1223 | D:2      | Reached skill level 4 in Ranged Weapons
  1223 | D:2      | Reached XP level 4. HP: 26/26 MP: 5/5
  1453 | D:2      | Found a runed translucent door.
  1454 | D:2      | Noticed Crazy Yiuf
  1512 | D:2      | Noticed Natasha
  1515 | D:2      | Killed Natasha
  1655 | D:2      | 1655 ||| UPGRADING to +2 pair of boots.
  1720 | D:2      | Noticed Natasha
  1721 | D:2      | Killed Natasha
  1722 | D:2      | Reached skill level 5 in Ranged Weapons
  1722 | D:2      | Reached XP level 5. HP: 30/30 MP: 6/6
  1847 | D:3      | Noticed an ogre
  1852 | D:3      | Killed an ogre
  1853 | D:3      | Reached skill level 3 in Fighting
  1853 | D:3      | Reached XP level 6. HP: 38/38 MP: 7/7
  1942 | D:3      | Found Cyeza's Magic Scroll Emporium.
  1950 | D:3      | 1950 ||| SHOPLISTING scroll of brand weapon (133 gold, have
                  | 87).
  1950 | D:3      | 1950 ||| SHOPLISTING scroll of enchant weapon (105 gold,
                  | have 87).
  1950 | D:3      | 1950 ||| BUYING scroll of identify (28 gold).
  1950 | D:3      | Bought a scroll of identify for 28 gold pieces
  1950 | D:3      | 1950 ||| BUYING scroll of identify (28 gold).
  1950 | D:3      | Bought a scroll of identify for 28 gold pieces
  1950 | D:3      | 1950 ||| BUYING scroll of identify (28 gold).
  1950 | D:3      | Bought a scroll of identify for 28 gold pieces
  2057 | D:3      | Found a snail-covered altar of Cheibriados.
  2384 | D:3      | Found a hazy altar of Hepliaklqana.
  2583 | D:3      | 2583 ||| UPGRADING to +0 helmet.
  2588 | D:3      | 2588 ||| READING scroll labelled CYUPADD METU.
  2589 | D:3      | 2589 ||| STAIRDANCE
  2698 | D:2      | 2698 ||| READING scroll labelled PYSYFA AGINN.
  2699 | D:2      | 2699 ||| READING scroll labelled RAIR BALAONO.
  2700 | D:2      | 2700 ||| DRINKING 2 fuming white potions.
  2701 | D:2      | 2701 ||| DRINKING 2 red potions.
  2737 | D:2      | 2737 ||| READING 3 scrolls of identify.
  2737 | D:2      | 2737 ||| IDENTIFYING fizzy white potion
  2738 | D:2      | 2738 ||| READING 2 scrolls of identify.
  2738 | D:2      | 2738 ||| IDENTIFYING silvery potion
  2739 | D:2      | 2739 ||| DROPPING potion of brilliance.
  2740 | D:2      | 2740 ||| DROPPING potion of magic.
  2741 | D:2      | 2741 ||| DROPPING potion of lignification.
  2880 | D:4      | Noticed an ice beast
  2883 | D:4      | Killed an ice beast
  2884 | D:4      | Reached XP level 7. HP: 42/42 MP: 8/8
  2909 | D:4      | Reached skill level 6 in Ranged Weapons
  3090 | D:4      | Reached skill level 7 in Ranged Weapons
  3236 | D:4      | Found an opulent altar of Gozag.
  3298 | D:4      | Found a shimmering blue altar of Sif Muna.
  3360 | D:4      | 3360 ||| READING 2 scrolls of identify.
  3360 | D:4      | 3360 ||| IDENTIFYING metallic yellow potion
  3386 | D:5      | Entered Level 5 of the Dungeon
  3398 | D:5      | Reached skill level 8 in Ranged Weapons
  3398 | D:5      | Reached XP level 8. HP: 48/48 MP: 9/9
  3551 | D:5      | Found a hide-covered altar of Uskayaw.
  3643 | D:5      | Found a sparkling altar of Nemelex Xobeh.
  3679 | D:5      | Found a large runed translucent door.
  3679 | D:5      | Found a large runed translucent door.
  3681 | D:5      | Noticed a wraith
  3681 | D:5      | Noticed a yak
  3702 | D:5      | Found a shimmering altar of Xom.
  3724 | D:5      | 3724 ||| Stepping ~*~*~tactically~*~*~ (cloud).
  3730 | D:5      | 3730 ||| Stepping ~*~*~tactically~*~*~ (cloud).
  3862 | D:5      | Found a large runed translucent door.
  3862 | D:5      | Found a large runed translucent door.
  3945 | D:5      | Found Goixkoes's Weapon Emporium.
  3979 | D:5      | Reached skill level 9 in Ranged Weapons
  3986 | D:5      | Noticed a troll
  3992 | D:5      | HP: 9/49 [phantom (4)]
  3992 | D:5      | HP: 3/49 [troll (6)]
  3992 | D:5      | Slain by a troll

Levels and vault maps discovered:
D:1:      scummos_arrival_simple_fountains, layout_loops_corners,
          nicolae_houndstooth_variations
D:2:      layout_loops_cross, basic_ecumenical_altar, uniq_natasha,
          uniq_crazy_yiuf_cottage
D:3:      layout_basic, mainiacjoe_overflow_six_doors_small,
          nzn_hepliaklqana_mist_gate, serial_shops, shop
D:4:      layout_cave_pools, mainiacjoe_overflow_alcove_1, kennysheep_mini_moat,
          grunt_decor_junction, kennysheep_dice
D:5:      layout_basic, nicolae_overflow_hidden_temple,
          nicolae_overflow_crystal_walls, mainiacjoe_overflow_24_doors,
          serial_shops, shop, serial_bayou_pond_d, columned_hall_lemuel,
          minmay_hollow_rounded_squares

Skill      XL: |  1  2  3  4  5  6  7  8 |
---------------+-------------------------+-----
Ranged Weapons | 3 4 5 8 9 |  9.1
Fighting       | 2 3 4 5 |  5.0
Armour         | 2 |  2.2
Dodging        | 2 |  2.2
Spellcasting   | |  1.0
Hexes          | |  2.6

Action                     |  1- 3 |  4- 6 |  7- 9 || total
---------------------------+-------+-------+-------++-------
   Fire: Sling             |    79 |       |       ||    79
         Longbow           |    25 |    44 |    95 ||   164
    Use: Scroll            |     3 |     5 |     1 ||     9
         Potion            |     1 |     2 |       ||     3
 Armour: Robe              |    12 |       |       ||    12
         Leather armour    |     3 |     3 |    19 ||    25
  Dodge: Dodged            |    35 |     3 |    22 ||    60

Table legend:
 A = Non-vault XP
 B = Vault XP
 C = Vault XP percentage of total XP
 D = Non-vault monster count
 E = Vault monster count
 F = Vault count percentage of total count
                 A         B        C        D         E       F
            +---------+---------+-------+---------+---------+-------
      Total |    1875 |     182 |   8.8 |      92 |       5 |   5.2
            +---------+---------+-------+---------+---------+-------
        D:1 |      39 |       0 |   0.0 |      22 |       0 |   0.0
        D:2 |     125 |      35 |  21.9 |      24 |       1 |   4.0
        D:3 |     170 |       0 |   0.0 |      11 |       0 |   0.0
        D:4 |     765 |       2 |   0.3 |      17 |       1 |   5.6
        D:5 |     776 |     145 |  15.7 |      18 |       3 |  14.3
            +---------+---------+-------+---------+---------+-------
